Map: Ruins of Seras

Players

Jaykopzn - Winner!

  • Race: Zerg Zerg
  • League: Silver

wabbajack

  • Race: Zerg Zerg
  • League: Gold

VOD

Have the link to the VOD?

Description

Time

  • Played on: July 17, 2015, 2:03 p.m.
  • Length: 6:00
Show
View Real Time Build Order
Export as new Build Order

Jaykopzn Zerg - Winner!

Build Orders: Pool First 

Get SALT Encoding   

  12  0:01  Drone  
  13  0:12  Overlord  
  13  0:18  Drone  
  14  0:31  Drone x2  
  16  0:39  Drone  
  17  0:46  Spawning Pool  
  16  0:50  Drone  
  16  0:54  Extractor  
  16  1:02  Drone  
  17  1:10  Drone  
  18  1:18  Drone  
  19  1:30  Drone  
  19  1:31  Hatchery  
  19  1:39  Queen  
  21  1:48  Overlord  
  21  1:50  Zergling x2  
  22  1:57  Metabolic Boost  
  22  2:14  Drone x2  
  24  2:20  Queen  
  26  2:23  Overlord  
  26  2:32  Baneling Nest, Drone  
  26  2:53  Drone x6  
  32  3:03  Drone x2  
  34  3:06  Zergling x2  
  35  3:18  Drone x2  
  37  3:30  Lair  
  37  3:32  Drone  
  37  3:33  Drone x5  
  43  3:35  Zergling x2  
  43  3:38  Overlord x2  
  43  3:39  Baneling  
  43  3:41  Baneling x2  
  44  3:42  Baneling  
  44  3:54  Extractor  
  43  3:55  Queen  
  43  3:59  Drone x2  
  43  4:00  Drone  
  43  4:02  Zergling x10  
  53  4:05  Overlord  
  53  4:20  Zergling x8  
  57  4:31  Centrifical Hooks  
  57  4:41  Hydralisk Den  
  57  4:44  Extractor  
  54  4:56  Zergling x12  
  54  4:57  Zergling x8  
  64  5:04  Spine Crawler  
  64  5:05  Spine Crawler  
  64  5:06  Spine Crawler  
  61  5:11  Hydralisk x3  
  67  5:18  Drone x2, Extractor  
  67  5:20  Overlord  
Show
View Real Time Build Order
Export as new Build Order

wabbajack Zerg 

Build Orders: Hatch First 

Get SALT Encoding   

  12  0:01  Drone  
  13  0:13  Overlord  
  14  0:21  Drone  
  14  0:24  Drone, Extractor  
  15  0:33  Drone  
  16  0:36  Drone  
  17  0:56  Hatchery  
  16  0:58  Drone  
  17  1:12  Spawning Pool  
  17  1:15  Drone  
  17  1:17  Drone  
  18  1:21  Extractor  
  17  1:59  Queen  
  19  2:05  Spine Crawler  
  19  2:08  Drone x2  
  20  2:09  Overlord  
  20  2:11  Queen  
  20  2:13  Drone  
  23  2:20  Drone x2  
  25  2:30  Spine Crawler  
  25  2:34  Spine Crawler  
  23  2:43  Drone x2  
  23  2:44  Drone  
  26  2:58  Metabolic Boost  
  26  3:01  Drone x3  
  30  3:05  Drone  
  30  3:22  Roach Warren  
  29  3:28  Overlord x2  
  29  3:40  Drone  
  30  4:03  Roach x8  
  30  4:08  Roach x3  
  52  4:10  Overlord  
  52  4:12  Overlord  
  52  4:18  Extractor  
  52  4:22  Drone  
  52  4:26  Overlord  
  52  4:30  Drone x2  
  54  4:32  Drone  
  55  4:53  Zergling x22  
  66  5:08  Overlord  
  66  5:09  Zergling x2  
  66  5:10  Zergling x8  
Tags
 
Add a new tag
Caveats
  • Supply blocks, unpowered buildings, or Contaminate may cause inaccurate times.
  • Supply counts are checked every 10 seconds.